 Dungeon Sprint DCSS version 0.28.0-43-g3370ac3207 (webtiles) character file.

Game seed: 879233546448619765

613 boopmooplesden the Carver (level 7, -10/115 HPs)
             Began as a Minotaur Berserker on Mar 12, 2022.
             Was a Believer of Trog.
             Mangled by a neqoxec (15 damage)
             ... in the Dungeon (Sprint II: "The Violet Keep of Menkaure").
             The game lasted 00:00:24 (71 turns).

boopmooplesden the Carver (Minotaur Berserker)        Turns: 71, Time: 00:00:25

Health: -10/115    AC:  1    Str: 24    XL:     7   Next: 20%
Magic:  6/6        EV: 13    Int:  4    God:    Trog [**....]
Gold:   243        SH:  0    Dex:  9    Spells: 6/6 levels left

rFire   . . .      SeeInvis .   a - +0 falchion
rCold   . . .      Faith    .   (no shield)
rNeg    . . .      Spirit   .   b - +0 animal skin
rPois   .          Reflect  .   (helmet restricted)
rElec   .          Harm     .   (no cloak)
rCorr   .          Rampage  .   (no gloves)
Will    .....      NoTele   +   (no boots)
Stlth   ..........              (no amulet)
HPRegen 0.29/turn               (no ring)
MPRegen 0.10/turn               (no ring)

@: berserking, slowed, lost intelligence, unable to read
A: horns 2, retaliatory headbutt, deformed body
a: Renounce Religion, Berserk, Trog's Hand


You were in the Dungeon.
You worshipped Trog.
Trog was pleased with you.
You visited 1 branch You collected 243 gold pieces.

Inventory:

Hand Weapons
 a - a +0 falchion (weapon)
Armour
 b - a +0 animal skin (worn)
Scrolls
 h - a scroll of blinking
Potions
 c - a potion of curing
 d - a potion of heal wounds
 e - a potion of haste
 f - 2 potions of magic
 g - a potion of berserk rage


   Skills:
 + Level 12.0 Fighting
 + Level 12.7 Long Blades
 + Level 5.6 Armour
 + Level 6.2 Dodging


You had 6 spell levels left.
You didn't know any spells.
Your spell library was empty.

Dungeon Overview and Level Annotations

Branches:
Dungeon (1/1)

Altars:


Innate Abilities, Weirdness & Mutations

You have a pair of horns on your head.
You reflexively headbutt those who attack you in melee.
Armour fits poorly on your strangely shaped body.


Message History

You feel yourself moving faster!
You feel mighty! The neqoxec gestures at you.
Strange energies course through your body.
You hit the neqoxec. You headbutt the neqoxec.
You feel the power of Trog in you as your rage grows.
You kill the neqoxec!
Trog accepts your kill.
You feel your intelligence returning.
Your Fighting skill increases to level 11!
Your Long Blades skill increases to level 12!
You slash the neqoxec! Your headbutt misses the neqoxec.
The neqoxec is lightly wounded.
The neqoxec hits you.
* * * LOW HITPOINT WARNING * * *
You completely miss the neqoxec.
The neqoxec is lightly wounded.
You hit the neqoxec.
The neqoxec is moderately wounded.
The neqoxec hits you!
* * * LOW HITPOINT WARNING * * *
You completely miss the neqoxec. Your headbutt misses the neqoxec.
The neqoxec is moderately wounded.
The neqoxec barely misses you.
You slice the neqoxec!!
The neqoxec is almost dead.
You hit the neqoxec.
You kill the neqoxec!
Trog accepts your kill.
Your Fighting skill increases to level 12!
Your Dodging skill increases to level 6!
You have reached level 7!
You slash the neqoxec! You headbutt the neqoxec.
The neqoxec is severely wounded.
The neqoxec barely misses you.
You closely miss the neqoxec.
The neqoxec is heavily wounded.
You miss the neqoxec.
The neqoxec is heavily wounded.
The neqoxec hits you!
You die...

##+##
##...##
#..#..#
##.#.##
# ##'##
.#
##.##..#
+.<@33#
##.##.#
#+# .# #


You could see 2 neqoxecs.

Vanquished Creatures
  2 neqoxecs (D)
  4 necrophages (D)
6 creatures vanquished.

Notes
Turn   | Place    | Note
-------+----------+-------------------------------------------
     0 | D        | boopmooplesden the Minotaur Berserker began the quest for
                  | the Orb.
     0 | D        | Reached XP level 1. HP: 19/19 MP: 0/0
     1 | D        | Noticed a necrophage
     1 | D        | Noticed a necrophage
     1 | D        | Noticed a necrophage
     1 | D        | Noticed a necrophage
     6 | D        | Killed a necrophage
     7 | D        | Reached XP level 2. HP: 34/34 MP: 1/1
     7 | D        | Reached XP level 3. HP: 39/39 MP: 2/2
     7 | D        | Reached XP level 4. HP: 47/47 MP: 3/3
     9 | D        | Killed a necrophage
    10 | D        | Reached XP level 5. HP: 56/56 MP: 4/4
    13 | D        | Killed a necrophage
    13 | D        | Reached ** piety under Trog
    14 | D        | Reached skill level 10 in Long Blades
    17 | D        | Killed a necrophage
    18 | D        | Reached skill level 10 in Fighting
    18 | D        | Reached skill level 5 in Armour
    18 | D        | Reached skill level 5 in Dodging
    18 | D        | Reached XP level 6. HP: 67/67 MP: 5/5
    45 | D        | Noticed a neqoxec
    45 | D        | Noticed a neqoxec
    45 | D        | Noticed a neqoxec
    45 | D        | Noticed a neqoxec
    45 | D        | Gained mutation: Armour fits poorly on your strangely
                  | shaped body. [a neqoxec]
    55 | D        | Lost intelligence.
    62 | D        | Killed a neqoxec
    65 | D        | HP: 3/102 [neqoxec (13)]
    68 | D        | Killed a neqoxec
    69 | D        | Reached XP level 7. HP: 4/77 MP: 6/6
    71 | D        | Mangled by a neqoxec

Illustrated notes

Levels and vault maps discovered:
D:        the_violet_keep_of_menkaure [sprint2_stairs_cluster_1,
          sprint2_shoproom, sprint2_temple, sprint2_basic_supplies,
          sprint2_obstacle_2, sprint2_obstacle_5, sprint2_obstacle_1,
          sprint2_obstacle_3, sprint2_obstacle_4, sprint2_timed_cluster_1,
          sprint2_smallroom_cluster_1, sprint2_smallroom_final_cluster_1,
          sprint2_transparent_cluster_1, sprint2_second_timed_cluster_1,
          sprint2_sniper_area_1, sprint2_heavy_combat_area_1,
          sprint2_mutation_trap_area_1, sprint2_forest_area_1,
          sprint2_light_combat_area_1, sprint2_behind_water_1,
          sprint2_near_end_vault_1]

Skill      XL: |  1  2  3  4  5  6 |
---------------+-------------------+-----
Fighting       | 7 8 10 12 | 12.0
Long Blades    | 7 9 11 12 | 12.7
Armour         | 3 4 5 |  5.6
Dodging        | 3 4 5 6 |  6.2

Action                   |  1- 3 |  4- 6 |  7- 9 || total
-------------------------+-------+-------+-------++-------
Melee: Falchion          |     4 |    28 |     3 ||    35
       Headbutt          |     1 |     4 |     1 ||     6
       Punch             |       |     1 |       ||     1
Invok: Berserk           |     1 |     1 |       ||     2
Dodge: Dodged            |     1 |     5 |     1 ||     7
